 Dungeon Crawl Stone Soup version 0.29-a0-334-gb41bcbb86e (webtiles) character file.

Game seed: 12522797866798692794

4005 spaghetti the Basher (level 9, -1/62 HPs)
             Began as a Demigod Fire Elementalist on Apr 15, 2022.
             Slain by Joseph
             ... wielding a +0 quarterstaff
              (11 damage)
             ... on level 7 of the Dungeon.
             The game lasted 00:11:20 (7564 turns).

spaghetti the Basher (Demigod Fire Elementalist)    Turns: 7564, Time: 00:11:21

Health: -1/62      AC:  2    Str: 17    XL:     9   Next: 73%
Magic:  14/17      EV: 12    Int: 27    God:
Gold:   293        SH:  0    Dex: 14    Spells: 12/15 levels left

rFire   . . .      SeeInvis +   p - +9 morningstar of Gozag's Regard {venom, *Rage Int+6 SInv, mace}
rCold   . . .      Faith    .   (no shield)
rNeg    . . .      Spirit   .   a - +0 robe
rPois   .          Reflect  .   (no helmet)
rElec   .          Harm     .   (no cloak)
rCorr   .          Rampage  .   (no gloves)
Will    .....      Rage     20% (no boots)
Stlth   ++........              o - amulet of regeneration {@e2}
HPRegen 1.00/turn               g - +4 ring of slaying
MPRegen 0.15/turn               y - +4 ring of slaying

@: brilliant
A: high MP 1, forlorn, divine attributes
a: no special abilities


You were on level 7 of the Dungeon.
You visited 1 branch of the dungeon, and saw 7 of its levels.

You collected 293 gold pieces.


Innate Abilities, Weirdness & Mutations

You have an increased reservoir of magic. (+10% MP)
You shall have no god before yourself.
Your divine heritage dramatically boosts your attributes as you level up.


   Skills:
 + Level 8.5 Maces & Flails
 + Level 4.1 Throwing
 + Level 8.5 Armour
 - Level 1.7 Dodging
 - Level 1.7 Stealth
 - Level 3.5 Spellcasting
 - Level 0.8 Conjurations
 - Level 2.6 Fire Magic


You had 12 spell levels left.
You knew the following spells:

 Your Spells              Type           Power      Damage    Failure   Level
a - Foxfire               Conj/Fire      84%        2x1d8     4%          1
b - Scorch                Fire           56%        2d7       4%          2

Your spell library contained the following spells:

 Spells                   Type           Power      Damage    Failure   Level
 Apportation              Tloc           14%        N/A       9%          1
 Conjure Flame            Conj/Fire      21%        6-21      12%         3
 Corpse Rot               Necr/Air       14%        N/A       13%         2
 Poisonous Vapours        Pois/Air       14%        N/A       13%         2
 Inner Flame              Hex/Fire       17%        N/A       14%         3
 Flame Wave               Conj/Fire      21%        2d7       38%         4
 Alistair's Intoxication  Tmut/Pois      4%         N/A       93%         5

Inventory:

Hand Weapons
 p - the +9 morningstar of Gozag's Regard (weapon) {venom, *Rage Int+6 SInv, mace}
   (You found it on level 2 of the Dungeon)

   It poisons the flesh of those it strikes.
   Int:       It affects your intelligence (+6).
   SInv:      It lets you see invisible.
   *Rage:     It berserks you when you make melee attacks (+20% chance).
Missiles
 k - 2 curare-tipped darts {=fthrowing}
 q - 7 poisoned darts {throwing}
 r - 119 stones (quivered) {throwing}
 t - 2 boomerangs {throwing}
 C - a silver boomerang {throwing}
Armour
 a - a +0 robe (worn)
Jewellery
 g - a +4 ring of slaying (left hand)
   (You found it on level 6 of the Dungeon)
 o - an amulet of regeneration (around neck) {@e2}
   (You found it on level 2 of the Dungeon)
 y - a +4 ring of slaying (right hand)
   (You took it off a kobold on level 4 of the Dungeon)
 B - a ring of resist corrosion
   (You found it on level 4 of the Dungeon)
 F - a ring of ice
   (You found it on level 7 of the Dungeon)
Wands
 d - a wand of polymorph (7)
   (You found it on level 6 of the Dungeon)
 s - a wand of charming (4)
   (You took it off an orc wizard on level 6 of the Dungeon)
 E - a wand of flame (23)
   (You found it on level 5 of the Dungeon)
 H - a wand of mindburst (13)
   (You found it on level 7 of the Dungeon)
Scrolls
 c - a scroll of fog
 h - a scroll of fear {unknown}
 i - a scroll of amnesia
 l - 5 scrolls of teleportation {@r4}
 m - a scroll of vulnerability {unknown}
 n - 3 scrolls of enchant weapon {unknown}
 v - a scroll of enchant armour {unknown}
 w - 3 scrolls of identify {unknown}
 x - a scroll of immolation {unknown}
Potions
 b - a potion of magic
 f - a potion of haste {@q3}
 z - 2 potions of heal wounds {@q2}
 A - 2 potions of degeneration {unknown}
 D - a potion of cancellation {unknown}
 G - a potion of mutation {unknown}

Dungeon Overview and Level Annotations

Branches:
Dungeon (7/15)             Temple (0/1) D:5

Annotations:
D:7 Joseph

#...##......##.###....##
##.....##....#....#..###
###<......#.§.....#...#.
####......####v'####....)..
##...##...##.§§.....##..##.#
#.......###§§§.......##.....
##......##§§§§........##..).
#.....##§§§§§.........##...
##....##.§§@§§..........##..
##.....#.§.§@§§..........
#..
#......#....§§######.....
#.. ##.....#......# .... #..
#......#....@.# .. #..
#...>..#....(.# #..
#.....##.....(# #..
###..))#.....(# #.) ##.)##
#..


You could see Joseph (very poisoned).


Message History

The ogre shouts!
You throw a stone {throwing}. The stone {throwing} hits the ogre!
Joseph, a Mercenary comes into view.
He is wielding a +0 quarterstaff.
You throw a stone {throwing}.
Joseph shouts!
The stone {throwing} hits the ogre.
You throw a stone {throwing}. The stone {throwing} hits the ogre!
You throw a stone {throwing}. The stone {throwing} hits the ogre.
You kill the ogre!
You throw a stone {throwing}.
The stone {throwing} hits Joseph but does no damage.
Joseph unwields a +0 quarterstaff.
Joseph wields a +0 hunting sling.
Joseph shoots a sling bullet.
The sling bullet barely misses you.
You throw a stone {throwing}. The stone {throwing} hits Joseph.
Joseph shoots a sling bullet.
The sling bullet hits you!
You are too injured to fight recklessly!
You are too injured to fight recklessly!
You are too injured to fight recklessly!
You are too injured to fight recklessly!
You are too injured to fight recklessly!
You are too injured to fight recklessly!
You are too injured to fight recklessly!
You are too injured to fight recklessly! 😕 HP[-11]
You take 11 damage, and now have 51/62 hp.
You are too injured to fight recklessly!
You are too injured to fight recklessly!
You are too injured to fight recklessly!
You are too injured to fight recklessly!
You are too injured to fight recklessly!
You are too injured to fight recklessly!
You are too injured to fight recklessly!
You are too injured to fight recklessly!
You are too injured to fight recklessly!
You are too injured to fight recklessly!
You are too injured to fight recklessly!
You are too injured to fight recklessly!
You are too injured to fight recklessly!
You are too injured to fight recklessly!
You are too injured to fight recklessly!
You are too injured to fight recklessly!
You are too injured to fight recklessly!
You are too injured to fight recklessly!
You are too injured to fight recklessly!
You are too injured to fight recklessly!
You are too injured to fight recklessly!
You are too injured to fight recklessly!
Casting: Scorch (safe; 4% risk of failure)
Confirm with . or Enter, or press ? or * to list all spells.
You conjure some foxfire!
Joseph shoots a sling bullet.
The sling bullet hits you! 😮 HP[-14] MP[-1]
You take 14 damage, and now have 37/62 hp.
MASSIVE DAMAGE!! (PAUSE)
You lost 1 mp, and now have 16/17 mp.
Casting: Foxfire (safe; 4% risk of failure)
Confirm with . or Enter, or press ? or * to list all spells.
You conjure some foxfire!
The foxfire hits Joseph.
Joseph shoots a sling bullet.
The sling bullet hits you!
* * * LOW HITPOINT WARNING * * *
The foxfire hits Joseph. 😨 HP[-16] MP[-1]
You take 16 damage, and now have 21/62 hp.
MASSIVE DAMAGE!! (PAUSE)
You lost 1 mp, and now have 15/17 mp.
Okay, then.
Okay, then.
As you read the scroll labelled AHOIWKI TOUNK, it crumbles to dust.
It is a scroll of amnesia.
Really abort (and waste the scroll)?
Okay, then.
The foxfire hits Joseph. x2 😨 HP[+1]
Okay, then.
As you read the scroll labelled EDELOQ IWIWA, it crumbles to dust.
The scroll dissolves into smoke.
It was a scroll of fog. 😨 HP[+1] 😨 HP[+1] It was a potion of brilliance.
You feel clever all of a sudden. 😨 HP[+1]
Casting: Foxfire (safe; 4% risk of failure)
Confirm with . or Enter, or press ? or * to list all spells.
You feel a surge of power!
You conjure some foxfire! 😨 HP[+1]
Casting: Foxfire (safe; 4% risk of failure)
Confirm with . or Enter, or press ? or * to list all spells.
You feel a surge of power!
You conjure some foxfire!
The foxfire hits Joseph.
Joseph shoots a sling bullet.
The sling bullet hits you!
* * * LOW HITPOINT WARNING * * *
😨 HP[-9] MP[-1]
You take 9 damage, and now have 17/62 hp.
You lost 1 mp, and now have 14/17 mp.
The foxfire hits Joseph. x2; Joseph unwields a +0 hunting sling.
Joseph wields a +0 quarterstaff.
Joseph hits you with a +0 quarterstaff!
* * * LOW HITPOINT WARNING * * *
😱 HP[-8]
You take 8 damage, and now have 9/62 hp.
You hit Joseph.
Joseph is poisoned.
Joseph hits you with a +0 quarterstaff!
You die...

Skill      XL: |  1  2  3  4  5  6  7  8  9 |
---------------+----------------------------+-----
Spellcasting   | 2 3 |  3.5
Maces & Flails | 2 3 4 5 7 8 |  8.5
Armour         | 2 3 4 5 7 8 |  8.5
Throwing       | 1 4 |  4.1
Dodging        | |  1.7
Stealth        | |  1.7
Conjurations   | |  0.8
Fire Magic     | |  2.6

Action                   |  1- 3 |  4- 6 |  7- 9 || total
-------------------------+-------+-------+-------++-------
Melee: Unarmed           |     1 |       |       ||     1
       Morningstar       |    14 |    19 |   117 ||   150
       Punch             |       |     1 |     3 ||     4
Throw: Stone             |       |       |    45 ||    45
 Cast: Foxfire           |   103 |    82 |   132 ||   317
       Scorch            |     6 |    14 |    12 ||    32
  Use: Potion            |       |       |    13 ||    13
       Scroll            |       |       |     3 ||     3
 Stab: Sleeping          |     1 |     3 |     1 ||     5
Armor: Robe              |     7 |     3 |    10 ||    20
       Skin              |       |       |    19 ||    19
Dodge: Dodged            |    18 |    20 |    82 ||   120

Levels and vault maps discovered:
D:1:      ncdulo_lavacross, layout_basic, basic_ecumenical_altar,
          hangedman_abyss_or_decor_stabs
D:2:      layout_loops_ring
D:3:      layout_basic, serial_bayou_pond_e, amcnicky_mini_rare_corridor_liquid,
          minmay_fractal_squares_gapless_5
D:4:      layout_basic, uniq_eustachio
D:5:      layout_loops_ring, temple_hall, serial_rivers,
          chequers_serial_rivers_micro_e, chequers_serial_rivers_micro_b,
          chequers_serial_rivers_room_b, chequers_serial_rivers_room_a,
          uniq_edmund, uniq_sigmund, uniq_menkaure
D:6:      layout_basic, kennysheep_mini
D:7:      layout_cave_pools, nicolae_yredelemnul_corpse_copse, enter_bailey_3,
          kennysheep_decorative_pillar, kennysheep_big_empty_room,
          serial_bayou_crossing, uniq_duvessa, uniq_joseph

Notes
Turn   | Place    | Note
-------+----------+-------------------------------------------
     0 | D:1      | spaghetti the Demigod Fire Elementalist began the quest for
                  | the Orb.
     0 | D:1      | Reached XP level 1. HP: 14/14 MP: 5/5
     0 | D:1      | magus.rc [v1.9.6]
    13 | D:1      | Reached skill level 2 in Spellcasting
   180 | D:1      | Reached XP level 2. HP: 16/20 MP: 0/8
   473 | D:1      | Learned a level 2 spell: Scorch
   740 | D:1      | You fall into a shaft and drop 1 floor!
   827 | D:2      | Reached skill level 3 in Spellcasting
   960 | D:2      | Reached XP level 3. HP: 26/26 MP: 2/10
  1537 | D:2      | Identified the +9 morningstar of Gozag's Regard {venom,
                  | *Rage Int+6 SInv}
  2066 | D:3      | Reached XP level 4. HP: 33/33 MP: 2/12
  2071 | D:3      | You pick up a book of Party Tricks and begin reading...
  2071 | D:3      | You add the spells Apportation and Alistair's Intoxication
                  | to your library.
  2387 | D:3      | Reached skill level 1 in Maces & Flails
  2573 | D:3      | Reached skill level 1 in Armour
  3229 | D:4      | Noticed a phantom
  3237 | D:4      | Killed a phantom
  3238 | D:4      | Reached skill level 2 in Maces & Flails
  3238 | D:4      | Reached skill level 2 in Armour
  3238 | D:4      | Reached XP level 5. HP: 38/38 MP: 0/13
  3676 | D:4      | Reached skill level 3 in Maces & Flails
  3685 | D:4      | Reached skill level 3 in Armour
  3685 | D:4      | Reached XP level 6. HP: 45/45 MP: 1/14
  3708 | D:4      | Noticed Eustachio
  3725 | D:4      | Killed Eustachio
  4201 | D:5      | Entered Level 5 of the Dungeon
  4221 | D:5      | Reached skill level 4 in Maces & Flails
  4221 | D:5      | Reached skill level 4 in Armour
  4225 | D:5      | Reached XP level 7. HP: 50/50 MP: 15/15
  4237 | D:5      | HP: 7/50 [gnoll/+4 flail (15)]
  4238 | D:5      | HP: 3/50 [gnoll/+4 flail (6)]
  4243 | D:5      | Noticed Menkaure
  4301 | D:5      | Noticed Sigmund
  4306 | D:5      | Killed Sigmund
  4307 | D:5      | Reached skill level 5 in Maces & Flails
  4307 | D:5      | Reached skill level 5 in Armour
  4367 | D:5      | Killed Menkaure
  4457 | D:5      | Noticed Edmund
  4464 | D:5      | Killed Edmund
  4465 | D:5      | Reached XP level 8. HP: 42/57 MP: 16/16
  4646 | D:5      | Reached skill level 6 in Maces & Flails
  4646 | D:5      | Reached skill level 6 in Armour
  4941 | D:5      | Found a staircase to the Ecumenical Temple.
  5194 | D:5      | You pick up a book of Vapours and begin reading...
  5194 | D:5      | You add the spells Poisonous Vapours and Corpse Rot to your
                  | library.
  5425 | D:6      | HP: 10/57 [orc priest/nerve-wracking pain (6)]
  5855 | D:6      | Reached skill level 7 in Maces & Flails
  5855 | D:6      | Reached skill level 7 in Armour
  6405 | D:7      | Reached skill level 1 in Throwing
  6605 | D:7      | Reached XP level 9. HP: 42/62 MP: 6/17
  6727 | D:7      | Noticed a two-headed ogre
  6738 | D:7      | Killed a two-headed ogre
  6739 | D:7      | Reached skill level 2 in Throwing
  6808 | D:7      | Reached skill level 3 in Throwing
  6808 | D:7      | Reached skill level 8 in Armour
  6817 | D:7      | Reached skill level 8 in Maces & Flails
  6933 | D:7      | Noticed Dowan
  6937 | D:7      | Noticed Duvessa
  6950 | D:7      | Killed Duvessa
  6955 | D:7      | Killed Dowan
  7378 | D:7      | Reached skill level 4 in Throwing
  7549 | D:7      | Noticed Joseph
  7563 | D:7      | HP: 9/62 [Joseph/+0 quarterstaff (9)]
  7564 | D:7      | Slain by Joseph

Vanquished Creatures
  A two-headed ogre (D:7)
  Sigmund (D:5)
  Eustachio (D:4)
  Menkaure (D:5)
  Edmund (D:5)
  A water moccasin (D:6)
  Duvessa (D:7)
  An orc warrior (D:7)
  An ice beast (D:7)
  A black bear (D:6)
  2 sky beasts
  3 ogres
  3 phantoms
  2 bullfrogs (D:7)
  3 scorpions
  2 necrophages
  A wyvern zombie (D:7)
  Dowan (D:7)
  6 killer bees (D:7)
  A howler monkey (D:4)
  An electric eel (D:7)
  3 jellies
  2 bullfrog zombies (D:7)
  A centaur zombie (D:7)
  3 orc priests
  A gnoll shaman (D:5)
  An iguana (D:4)
  10 orc wizards
  3 killer bee zombies (D:7)
  8 gnolls
  5 adders
  A white imp (D:7)
  An ufetubus (D:5)
  2 worms
  2 dart slugs (D:1)
  20 orcs
  2 endoplasms
  5 giant cockroaches
  10 goblins
  3 hobgoblins
  3 jackals (D:1)
  3 quokkas
  10 ball pythons
  8 bats
  4 frilled lizards
  7 kobolds
  4 rats
157 creatures vanquished.

Vanquished Creatures (collateral kills)
  2 foxfires (D:7)
2 creatures vanquished.

Vanquished Creatures (others)
  517 foxfires
  A plant (D:7)
518 creatures vanquished.

Grand Total: 677 creatures vanquished

Table legend:
 A = Non-vault XP
 B = Vault XP
 C = Vault XP percentage of total XP
 D = Non-vault monster count
 E = Vault monster count
 F = Vault count percentage of total count
                 A         B        C        D         E       F
            +---------+---------+-------+---------+---------+-------
      Total |    4432 |    1290 |  22.5 |     134 |      23 |  14.6
            +---------+---------+-------+---------+---------+-------
        D:1 |      35 |       0 |   0.0 |      19 |       0 |   0.0
        D:2 |      49 |       0 |   0.0 |      16 |       0 |   0.0
        D:3 |      43 |      14 |  24.6 |      16 |       6 |  27.3
        D:4 |     426 |     191 |  31.0 |      20 |       1 |   4.8
        D:5 |     766 |     560 |  42.2 |      20 |       3 |  13.0
        D:6 |     866 |       0 |   0.0 |      19 |       0 |   0.0
        D:7 |    2247 |     525 |  18.9 |      24 |      13 |  35.1
            +---------+---------+-------+---------+---------+-------

Illustrated notes

Table legend:
 A = Kills in this place as a percentage of kills in entire the game.
 B = Kills by you in this place as a percentage of kills by you in the entire game.
 C = Kills by friends in this place as a percentage of kills by friends in the entire game.
 D = Other kills in this place as a percentage of other kills in the entire game.
 E = Experience gained in this place as a percentage of experience gained in the entire game.
 F = Experience gained in this place divided by the number of levels of this place that you have seen.
                   A       B       C       D       E      F
               +-------+-------+-------+-------+-------+----------------------
         Total | 100.0 | 100.0 |   N/A |   N/A | 100.0 | 817.4
       Dungeon | 100.0 | 100.0 |   N/A |   N/A | 100.0 | 817.4
               +-------+-------+-------+-------+-------+----------------------

Table legend: (Time is in decaauts)
 A = Elapsed time spent in this place.
 B = Non-inter-level travel time spent in this place.
 C = Inter-level travel time spent in this place.
 D = Time resting spent in this place.
 E = Time spent auto-exploring this place.
 F = Levels seen in this place.
 G = Mean time per level.
                   A        B        C        D        E       F      G
               +--------+--------+--------+--------+--------+-----+--------+
         Total |   7741 |   7583 |    158 |    948 |   5619 |   7 | 1105.9 |
       Dungeon |   7741 |   7583 |    158 |    948 |   5619 |   7 | 1105.9 |
               +--------+--------+--------+--------+--------+-----+--------+

Top non-repeatable levels by time:
     D:3: 1573 daAuts
     D:7: 1228 daAuts
     D:5: 1180 daAuts
     D:6: 1071 daAuts
     D:2: 1032 daAuts
     D:4: 915 daAuts
     D:1: 740 daAuts
